 Dungeon Crawl Stone Soup version 0.29-a0-857-g9b1aa3ac5b (webtiles) character file.

Game seed: 804495030908326224

280 nxtlvl the Cutter (level 6, -2/36 HPs)
             Began as a Deep Elf Monk on July 16, 2022.
             Slain by a black bear (6 damage)
             ... on level 5 of the Dungeon.
             The game lasted 00:13:47 (1463 turns).

nxtlvl the Cutter (Deep Elf Monk)                   Turns: 1463, Time: 00:13:47

Health: -2/36      AC:  2    Str:  8    XL:     6   Next: 5%
Magic:  0/13       EV: 13    Int: 17    God:
Gold:   77         SH:  0    Dex: 17    Spells: 10/11 levels left

rFire   . . .      SeeInvis .   a - +0 short sword
rCold   . . .      Faith    .   (no shield)
rNeg    . . .      Spirit   .   b - +0 robe
rPois   .          Reflect  .   (no helmet)
rElec   .          Harm     .   (no cloak)
rCorr   .          Rampage  .   (no gloves)
Will    .....                   (no boots)
Stlth   ++........              g - amulet of regeneration
HPRegen 0.92/turn               (no ring)
MPRegen 0.13/turn               (no ring)

@: mighty
A: no striking features
a: no special abilities


You were on level 5 of the Dungeon.
You visited 1 branch of the dungeon, and saw 6 of its levels.

You collected 77 gold pieces.

Inventory:

Hand Weapons
 a - a +0 short sword (weapon)
Missiles
 l - 5 poisoned darts (quivered)
Armour
 b - a +0 robe (worn)
 j - +0 ice dragon scales
Magical Staves
 i - a staff of cold
Jewellery
 e - an amulet of magic regeneration
 g - an amulet of regeneration (around neck)
Scrolls
 d - a scroll of identify
 h - a scroll of fear
 m - a scroll of vulnerability {unknown}
Potions
 f - a potion of mutation
 k - a potion of heal wounds {unknown}


   Skills:
 - Level 2.4 Fighting
 - Level 4.0 Short Blades
 - Level 3.6 Dodging
 - Level 2.4 Stealth
 + Level 3.4 Spellcasting
 * Level 3.3 Conjurations
 * Level 3.3 Fire Magic


You had 10 spell levels left.
You knew the following spells:

 Your Spells              Type           Power      Damage    Failure   Level
z - Foxfire               Conj/Fire      56%        2x1d6     4%          1

Your spell library contained the following spells:

 Spells                   Type           Power      Damage    Failure   Level
 Conjure Flame            Conj/Fire      14%        6-21      13%         3
 Inner Flame              Hex/Fire       8%         N/A       26%         3
 Flame Wave               Conj/Fire      14%        2d6       38%         4


Dungeon Overview and Level Annotations

Branches:
Dungeon (6/15)
 Temple: D:4-7

Altars:

Annotations:
D:3 3 runed translucent doors


Message History

Casting: Foxfire (safe; 4% risk of failure)
Confirm with . or Enter, or press ? or * to list all spells.
You conjure some foxfire!
The foxfire hits the black bear.
The black bear is heavily wounded.
The foxfire hits the black bear.
The black bear is heavily wounded.
The black bear barely misses you. The black bear claws you.
The black bear barely misses you.
Casting: Foxfire (safe; 4% risk of failure)
Confirm with . or Enter, or press ? or * to list all spells.
You conjure some foxfire!
The foxfire hits the black bear.
The black bear is heavily wounded.
The foxfire hits the black bear.
The black bear is severely wounded.
The black bear bites you. The black bear claws you.
The black bear barely misses you.
You hit the black bear.
The black bear is severely wounded.
The foxfire hits the black bear but does no damage.
The black bear is severely wounded.
The foxfire hits the black bear.
The black bear is almost dead.
The black bear goes berserk!
You hit the black bear.
The black bear is almost dead.
The black bear bites you. The black bear misses you. The black bear claws you.
You closely miss the black bear.
The black bear is almost dead.
The black bear bites you! The black bear claws you. x2
The black bear bites you!
* * * LOW HITPOINT WARNING * * *
The black bear claws you.
* * * LOW HITPOINT WARNING * * *
The black bear barely misses you.
It was a potion of might.
You feel very mighty all of a sudden. The black bear barely misses you.
The black bear claws you but does no damage.
The black bear claws you.
You die...

##.#####§# #...§§§§v§
##.#####<# #)# #.# #.# #.#
#.#####.# .. #.......#
...################......#
.........@...............#
####....h.#########'#####
#......# .... #......#
..### #......# ####
..'......'. ###......###
#.>....# ########


You could see a black bear (berserk).

Vanquished Creatures
  2 ogres
  An iguana (D:5)
  An orc wizard (D:4)
  3 adders
  A shadow imp (D:5)
  3 orcs
  3 giant cockroaches
  5 hobgoblins
  6 jackals (D:4)
  A kobold (D:4)
  A quokka (D:5)
  A ball python (D:4)
  2 bats (D:1)
  A frilled lizard (D:3)
  A goblin (D:4)
  2 rats
34 creatures vanquished.

Vanquished Creatures (others)
  81 foxfires
81 creatures vanquished.

Grand Total: 115 creatures vanquished

Notes
Turn   | Place    | Note
-------+----------+-------------------------------------------
     0 | D:1      | nxtlvl the Deep Elf Monk began the quest for the Orb.
     0 | D:1      | Reached XP level 1. HP: 13/13 MP: 3/3
   134 | D:1      | Reached skill level 1 in Spellcasting
   171 | D:3      | Learned a level 1 spell: Foxfire
   177 | D:3      | Reached XP level 2. HP: 16/18 MP: 5/5
   179 | D:3      | Found a runed translucent gate.
   179 | D:3      | Found a runed translucent gate.
   179 | D:3      | Found a runed translucent gate.
   290 | D:3      | Noticed an ice beast
   312 | D:2      | You fall into a shaft and drop 2 floors!
   323 | D:4      | Reached skill level 1 in Fire Magic
   393 | D:4      | Reached XP level 3. HP: 18/22 MP: 3/8
   400 | D:4      | Reached skill level 1 in Conjurations
   623 | D:4      | Noticed an ogre
   696 | D:4      | Reached XP level 4. HP: 27/27 MP: 5/9
   999 | D:5      | Entered Level 5 of the Dungeon
  1165 | D:5      | Noticed a black bear
  1300 | D:5      | Noticed a water moccasin
  1368 | D:4      | Killed an ogre
  1369 | D:4      | Reached XP level 5. HP: 31/31 MP: 3/11
  1411 | D:5      | Noticed an ogre
  1423 | D:5      | Killed an ogre
  1424 | D:5      | Reached skill level 4 in Short Blades
  1424 | D:5      | Reached XP level 6. HP: 36/36 MP: 2/13
  1463 | D:5      | Slain by a black bear

Illustrated notes

Levels and vault maps discovered:
D:1:      dpeg_arrival_boxorama, layout_basic,
          shapermc_ecumenical_altar_totnotflames
D:2:      layout_rooms, hangedman_decor_riveting, minmay_octomino_j4,
          uniq_crazy_yiuf_cottage
D:3:      layout_basic, mainiacjoe_overflow_alcove_1, gammafunk_ghost_cemetery
D:4:      layout_loops_corners
D:5:      layout_basic, uniq_blork_the_orc
D:6:      minmay_skewed_foursquare, layout_layer_cave,
          mainiacjoe_overflow_paths, temple_statues,
          hangedman_abyss_or_decor_lesser_grid, nicolae_underground_beach

Skill      XL: |  1  2  3  4  5 |
---------------+----------------+-----
Spellcasting   | 1 2 3 |  3.4
Fire Magic     | 1 2 3 |  3.3
Conjurations   | 1 2 3 |  3.3
Short Blades   | 4 |  4.0
Fighting       | |  2.4
Dodging        | |  3.6
Stealth        | |  2.4

Action                   |  1- 3 |  4- 6 || total
-------------------------+-------+-------++-------
Melee: Short sword       |    74 |    22 ||    96
       Punch             |     1 |       ||     1
 Cast: Foxfire           |    22 |    39 ||    61
  Use: Scroll            |     2 |     1 ||     3
       Potion            |       |     2 ||     2
 Stab: Sleeping          |     4 |     1 ||     5
Armor: Robe              |     3 |     7 ||    10
Dodge: Dodged            |    53 |    24 ||    77

Table legend: (Time is in decaauts)
 A = Elapsed time spent in this place.
 B = Non-inter-level travel time spent in this place.
 C = Inter-level travel time spent in this place.
 D = Time resting spent in this place.
 E = Time spent auto-exploring this place.
 F = Levels seen in this place.
 G = Mean time per level.
                   A        B        C        D        E       F      G
               +--------+--------+--------+--------+--------+-----+--------+
         Total |   1456 |   1275 |    181 |      0 |     20 |   6 |  242.7 |
       Dungeon |   1456 |   1275 |    181 |      0 |     20 |   6 |  242.7 |
               +--------+--------+--------+--------+--------+-----+--------+

Top non-repeatable levels by time:
     D:4: 787 daAuts
     D:5: 326 daAuts
     D:1: 141 daAuts
     D:3: 95 daAuts
     D:2: 74 daAuts
     D:6: 31 daAuts
